 Dungeon Crawl Stone Soup version 0.30-a0-1008-g30c9307041 (webtiles) character file.

Game seed: 15329720789537775239

2728 bearlyready the Cleaver (level 9, -11/72 HPs)
             Began as an Armataur Berserker on Apr 5, 2023.
             Was an Elder of Trog.
             Mangled by a hornet (12 damage)
             ... on level 9 of the Dungeon.
             The game lasted 00:09:15 (7468 turns).

bearlyready the Cleaver (Armataur Berserker)        Turns: 7468, Time: 00:09:15

Health: -11/72     AC:  7    Str: 26    XL:     9   Next: 40%
Magic:  9/9        EV:  9    Int:  7    God:    Trog [****..]
Gold:   332        SH:  0    Dex: 11    Spells: 8/8 levels left

rFire   . . .      SeeInvis .    p - +0 battleaxe
rCold   . . .      Faith    .    (shield currently unavailable)
rNeg    . . .      Spirit   .    B - +0 steam dragon scales
rPois   .          Reflect  .    (no helmet)
rElec   .          Roll     +    o - scarf {harm}
rCorr   .          Harm     + .  j - +0 pair of gloves
Will    .....                    (no barding)
Stlth   +                        (no amulet)
HPRegen 0.32/turn                (no ring)
MPRegen 0.11/turn                (no ring)

@: lethally poisoned (-11 -> -16), slowed, very slow
A: large, rugged brown scales 3, deformed body, armoured tail, roll, long
tongue, awkward tongue
a: Renounce Religion, Berserk, Trog's Hand, Brothers in Arms


You were on level 9 of the Dungeon.
You worshipped Trog.
Trog was greatly pleased with you.
You visited 2 branches of the dungeon, and saw 10 of its levels.

You collected 396 gold pieces.
You spent 64 gold pieces at shops.

Inventory:

Hand Weapons
 a - a +0 hand axe
 p - a +0 battleaxe (weapon)
Missiles
 h - 15 poisoned darts (quivered)
 q - 3 silver boomerangs
 u - 2 javelins
 v - 9 boomerangs
 x - 2 throwing nets
Armour
 f - a +0 ring mail
 i - a +0 scale mail
 j - a +0 pair of gloves (worn)
 o - a scarf of harm (worn)
 w - a +0 leather armour of cold resistance
 B - +0 steam dragon scales (worn)
 G - a scarf of harm
Wands
 r - a wand of paralysis (3)
 s - a wand of mindburst (13)
Scrolls
 c - a scroll of vulnerability {unknown}
 e - 4 scrolls of amnesia
 l - a scroll of magic mapping
 m - 3 scrolls of enchant weapon
 n - 2 scrolls of teleportation {unknown}
 t - a scroll of noise {unknown}
 y - 2 scrolls of identify
 z - a scroll of poison {unknown}
 A - 2 scrolls of blinking
 C - a scroll of acquirement {unknown}
Potions
 b - 2 potions of flight {unknown}
 d - 2 potions of resistance
 g - 2 potions of brilliance {unknown}
 k - 3 potions of curing
 D - a potion of might {unknown}
 E - a potion of invisibility {unknown}
 F - a potion of lignification {unknown}
 H - a potion of heal wounds {unknown}


   Skills:
 - Level 2.6 Fighting
 + Level 10.5 Axes
 + Level 2.5 Throwing
 - Level 2.4 Armour
 - Level 1.3 Dodging
 + Level 2.8 Evocations


You had 8 spell levels left.
You didn't know any spells.
Your spell library was empty.

Dungeon Overview and Level Annotations

Branches:
Dungeon (8/15)             Temple (1/1) D:6            Lair (0/5) D:9

Altars:
Kikubaaqudgha
Nemelex Xobeh
Wu Jian
Yredelemnul
Zin

Shops:
D:6 *   D:9 (*(


Innate Abilities, Weirdness & Mutations

You are completely covered in rugged brown scales. (AC +3, +7% HP)
Armour fits poorly on your strangely shaped body.
You have a long armoured tail.
You roll when moving toward enemies. (Rampage)
Your long tongue fully drains potion bottles. (2x potion effects)
Your tongue gives you trouble enunciating. (1.5x scroll delay)


Message History

A hornet comes into view.
Aiming: Paralyse
Press: ? - help, Shift-Dir - straight line, f - hornet
Aim: a hornet (chance to affect: 48%)
The hornet resists with some effort.
Aiming: Paralyse
Press: ? - help, Shift-Dir - straight line, f/p - hornet
Aim: a hornet (chance to affect: 48%)
The hornet resists with some effort.
The hornet stings you.
You are poisoned.
You feel yourself slow down.
Aiming: Paralyse
Press: ? - help, Shift-Dir - straight line, f/p - hornet
Aim: a hornet (chance to affect: 48%)
The hornet resists with some effort.
You feel very sick. The hornet closely misses you. The hornet stings you.
* * * LOW HITPOINT WARNING * * *
You suddenly lose the ability to move!
You feel sick. The hornet stings you.
* * * LOW HITPOINT WARNING * * *
You are more poisoned.
You feel as though you will be slow longer.
The hornet stings you.
* * * LOW HITPOINT WARNING * * *
You feel as though you will be slow longer.
You feel very sick. The hornet stings you!
* * * LOW HITPOINT WARNING * * *
You feel as though you will be slow longer.
You can move again.
Aiming: Paralyse
Press: ? - help, Shift-Dir - straight line, f/p - hornet
Aim: a hornet (chance to affect: 48%)
The hornet resists with some effort.
* * * LOW HITPOINT WARNING * * *
You feel very sick.
The hornet stings you but does no damage.
The hornet stings you!
You die...

,,,,,,,,,,,,,***#.....#.,,,,*
,,,**,,,,..P,*,>#P..P..,,,,,*****
,,,**,,,,PP..*,,#....)#,,,,,,,,,,
,,,,,,,,,.P..#+##...PP#,,,,,,,,,,
,,,,,,,,,.P..P.P.PP...#,,,,,,,,,,
,,,******P........P.P.#,,,,,,,,,,
,,,**,,,,......P.P...##,,,,,,,,,,
,,,**,,,,.P.P.P..y.P..##*********
,,,*,,,,,,##.P..@.#....#
,,,*,,,,,,*#.....##,...#
,>,**,,,,,*#.....#*..$##
*****,,,,.##.....##...##
,,,*,,,,,..............####
,,,*,,,,,.............##..####
,,,**,,,,.######'######..8...#
,,,**,,,,,*#.....#.∩.........#
,,,**,,,,,*#.....#.....8.∩.8.#


You could see a hornet.

Vanquished Creatures
  2 steam dragons (D:7)
  A sky beast (D:7)
  An ice beast (D:7)
  An orc warrior (D:7)
  A black bear (D:6)
  An ogre (D:5)
  2 centaurs (D:7)
  A phantom (D:5)
  6 bullfrogs
  4 scorpions
  3 killer bees (D:9)
  2 howler monkeys (D:7)
  4 jellies
  2 hounds
  7 orc priests
  3 iguanas
  2 orc wizards
  A sleepcap (D:6)
  11 gnolls
  14 adders
  3 shadow imps
  A white imp (D:8)
  An ufetubus (D:6)
  2 worms
  2 dart slugs
  24 orcs
  5 ball pythons
  7 bats
  7 endoplasms
  5 giant cockroaches
  10 goblins
  7 hobgoblins
  A jackal (D:4)
  9 kobolds
  5 quokkas
  7 frilled lizards
  3 rats
168 creatures vanquished.

Vanquished Creatures (others)
  A frilled lizard (D:1)
  A bush (D:7)
  7 fungi (D:9)
  2 plants (D:9)
11 creatures vanquished.

Grand Total: 179 creatures vanquished

Notes
Turn   | Place    | Note
-------+----------+-------------------------------------------
     0 | D:1      | bearlyready the Armataur Berserker began the quest for the
                  | Orb.
     0 | D:1      | Reached XP level 1. HP: 19/19 MP: 1/1
   118 | D:1      | Reached skill level 3 in Axes
   118 | D:1      | Reached XP level 2. HP: 26/26 MP: 2/2
   627 | D:1      | Reached XP level 3. HP: 32/32 MP: 3/3
   939 | D:2      | Reached ** piety under Trog
  1012 | D:2      | Found a faded altar of an unknown god.
  1307 | D:2      | Reached skill level 4 in Axes
  1315 | D:2      | Reached XP level 4. HP: 39/39 MP: 4/4
  1733 | D:3      | Reached XP level 5. HP: 41/44 MP: 5/5
  2253 | D:3      | Reached skill level 5 in Axes
  2696 | D:4      | Reached *** piety under Trog
  2715 | D:4      | Found a glowing silver altar of Zin.
  2825 | D:4      | Reached XP level 6. HP: 49/53 MP: 6/6
  3177 | D:4      | Reached skill level 6 in Axes
  3557 | D:5      | Entered Level 5 of the Dungeon
  3836 | D:5      | Reached XP level 7. HP: 36/59 MP: 7/7
  4047 | D:5      | Reached skill level 7 in Axes
  4076 | D:5      | Found a basalt altar of Yredelemnul.
  4453 | D:6      | Found a staircase to the Ecumenical Temple.
  4528 | D:6      | Reached skill level 8 in Axes
  4531 | D:6      | Found a sparkling altar of Nemelex Xobeh.
  4544 | D:6      | Reached **** piety under Trog
  4545 | D:6      | Reached XP level 8. HP: 63/66 MP: 8/8
  4830 | D:6      | Found Ycafacho's Neck Hole.
  5330 | Temple   | Entered the Ecumenical Temple
  5355 | D:7      | Reached skill level 9 in Axes
  5436 | D:7      | HP: 4/99 [bullfrog (2)]
  5760 | D:7      | Found an ancient bone altar of Kikubaaqudgha.
  5861 | D:7      | Reached skill level 10 in Axes
  6149 | D:7      | Reached XP level 9. HP: 68/72 MP: 9/9
  6620 | D:7      | Reached skill level 1 in Throwing
  6620 | D:7      | Reached skill level 1 in Evocations
  7236 | D:8      | You fall into a shaft and drop 1 floor!
  7252 | D:9      | Found an ornate altar of the Wu Jian Council.
  7261 | D:9      | Found Uletsap's Weapon Emporium.
  7283 | D:9      | Found Keass's Assorted Antiques.
  7284 | D:9      | Found Saibamoh's Weapon Shop.
  7291 | D:9      | Bought a scroll of identify for 64 gold pieces
  7465 | D:9      | Paralysed by a hornet for 3 turns
  7468 | D:9      | HP: 1/72 [poisoned by a hornet]
  7468 | D:9      | Mangled by a hornet

Illustrated notes

Levels and vault maps discovered:
D:1:      dpeg_arrival_shrine, layout_loops_ring, minmay_lizard_pond
D:2:      layout_basic, hellmonk_ecumenical_altar_blasted, hangedman_decor_push
D:3:      layout_loops_corners, grunt_decor_arrowhead
D:4:      layout_basic, minmay_ruined_shrine
D:5:      layout_gridville, yredelemnul_altar_generic, st_stairs_11
D:6:      layout_loops_ring, lemuel_crystal_altar,
          minmay_temple_entry_water_ring, nicolae_shop_sticking_my_neck_out
D:7:      layout_basic, mainiacjoe_overflow_24_doors, serial_rivers,
          chequers_serial_rivers_micro_b, chequers_serial_rivers_small_3,
          chequers_serial_rivers_micro_d, chequers_serial_rivers_large_a,
          st_stairs_1, kb_lookout_dungeons_type
D:8:      layout_loops_ring
D:9:      layout_gridville, kennysheep_mini_moat,
          grunt_lair_entry_orc_guard_hut, serial_shops,
          nicolae_shop_statue_plus, shop, shop, shop, shop, enter_bailey_2
Temple:   mainiacjoe_temple_bowtie_tessellation

Skill      XL: |  1  2  3  4  5  6  7  8  9 |
---------------+----------------------------+-----
Axes           | 3 4 5 6 8 10 | 10.5
Throwing       | 2 |  2.5
Evocations     | 2 |  2.8
Fighting       | |  2.6
Armour         | |  2.4
Dodging        | |  1.3

Action                     |  1- 3 |  4- 6 |  7- 9 || total
---------------------------+-------+-------+-------++-------
  Melee: Hand axe          |    81 |   207 |    75 ||   363
         Tailslap          |    10 |    13 |    24 ||    47
         Punch             |       |     1 |       ||     1
         Battleaxe         |       |       |    95 ||    95
  Throw: Dart              |       |       |     4 ||     4
 Invoke: Berserk           |     1 |     2 |     3 ||     6
  Evoke: Wand              |       |       |     4 ||     4
    Use: Scroll            |       |       |     7 ||     7
         Potion            |       |       |     3 ||     3
 Armour: Animal skin       |    16 |       |       ||    16
         Ring mail         |    13 |    35 |    35 ||    83
         Scale mail        |       |    50 |       ||    50
         Steam dragon scal |       |       |    33 ||    33
  Dodge: Dodged            |    38 |    63 |    94 ||   195

Table legend: (Time is in decaauts)
 A = Elapsed time spent in this place.
 B = Non-inter-level travel time spent in this place.
 C = Inter-level travel time spent in this place.
 D = Time resting spent in this place.
 E = Time spent auto-exploring this place.
 F = Levels seen in this place.
 G = Mean time per level.
                   A        B        C        D        E       F      G
               +--------+--------+--------+--------+--------+-----+--------+
         Total |   7554 |   7316 |    238 |    517 |   5648 |  10 |  755.4 |
       Dungeon |   7552 |   7314 |    238 |    517 |   5648 |   9 |  839.1 |
        Temple |      1 |      1 |      0 |      0 |      0 |   1 |    1.0 |
               +--------+--------+--------+--------+--------+-----+--------+

Top non-repeatable levels by time:
     D:7: 1473 daAuts
     D:4: 1088 daAuts
     D:3: 993 daAuts
     D:6: 919 daAuts
     D:5: 876 daAuts
     D:1: 783 daAuts
     D:2: 726 daAuts
     D:8: 453 daAuts
     D:9: 237 daAuts
  Temple: 1 daAuts
